NWL (28 & UNDER)
BISMARK BORDER GUARDS @ SAN DIEGO SMASHERS
05/12/2028
 
TOP OF THE 1ST
Bismark Border Guards batting - Pitching for San Diego Smashers : LHP Rafael Alemán
Pitching: LHP Rafael Alemán
Batting: LHB Juan Viera 0-0: Foul Ball, location: 2F
0-1: Ball
1-1: Swinging Strike
1-2: Strikes out looking
Batting: RHB Howard Russell 0-0: Ball
1-0: Foul Ball, location: 2F
1-1: Foul Ball, location: 2F
1-2: Ball
2-2: Foul Ball, location: 2F
2-2: Foul Ball, location: 2F
2-2: Foul Ball, location: 2F
2-2: Foul Ball, location: 2F
2-2: Foul Ball, location: 2F
2-2: Foul Ball, location: 2F
2-2: Ground out 5-3 (Groundball, 56S)
Batting: RHB Jacob Hill 0-0: Called Strike
0-1: TRIPLE (Flyball, 89D)
Batting: RHB Enrique Soto 0-0: Swinging Strike
0-1: Swinging Strike
0-2: Ball
1-2: Fly out, F7 (Flyball, 7S)
Top of the 1st over - 0 run(s), 1 hit(s), 0 error(s), 1 left on base; Bismark 0 - San Diego 0
BOTTOM OF THE 1ST
San Diego Smashers batting - Pitching for Bismark Border Guards : RHP Brandon Sweet
Pitching: RHP Brandon Sweet
Batting: LHB Michael Myers 0-0: Ball
1-0: Ball
2-0: Foul Ball, location: 2F
2-1: Foul Ball, location: 2F
2-2: Ball
3-2: SINGLE (Groundball, 34D)
Batting: RHB Gerald Davis 0-0: Ball
1-0: Ball
Throwing error on steal attempt, E2
Michael Myers to third
2-0: Ground out 5-3 (Groundball, 5)
Batting: LHB Ethan Shaw 0-0: Ball
1-0: Ball
2-0: Fly out, F7 (Flyball, 78S)
Batting: LHB Richard Brooks 0-0: Ball
1-0: Called Strike
1-1: Foul Ball, location: 2F
1-2: Ball
2-2: Foul Ball, location: 2F
2-2: Ball
3-2: 2-RUN HOME RUN (Flyball, 89XD), Distance : 423 ft
Batting: RHB Javier González 0-0: Ground out 6-3 (Groundball, 6)
Bottom of the 1st over - 2 run(s), 2 hit(s), 1 error(s), 0 left on base; Bismark 0 - San Diego 2
TOP OF THE 2ND
Bismark Border Guards batting - Pitching for San Diego Smashers : LHP Rafael Alemán
Batting: RHB Jeremiah Soto 0-0: Called Strike
0-1: Ball
1-1: Ball
2-1: Fly out, F9 (Flyball, 9LS)
Batting: RHB Danny Spode 0-0: Swinging Strike
0-1: SINGLE (Flyball, 8LS)
Batting: LHB Manuel Pérez 0-0: Foul Ball, location: 2F
0-1: Ball
1-1: Foul Ball, location: 2F
1-2: Foul Ball, location: 2F
1-2: Ball
2-2: Foul Ball, location: 2F
2-2: Ball
3-2: SINGLE (Groundball, 34D)
Danny Spode to second
Danny Spode to third
Batting: RHB António Martínez 0-0: Called Strike
0-1: Grounds into double play, 6-4-3 (Groundball, 6)
Top of the 2nd over - 0 run(s), 2 hit(s), 0 error(s), 1 left on base; Bismark 0 - San Diego 2
BOTTOM OF THE 2ND
San Diego Smashers batting - Pitching for Bismark Border Guards : RHP Brandon Sweet
Batting: RHB John Nelson 0-0: Ball
1-0: Ball
2-0: SINGLE (Line Drive, 89S)
Batting: SHB Michael Aisher 0-0: Called Strike
0-1: Foul Ball, location: 2F
0-2: Strikes out swinging
Batting: RHB Gustavo Torres 0-0: Fielders Choice at 2nd, 4-6 (Groundball, 4M)
Batting: RHB José Oliveira 0-0: Ball
1-0: Called Strike
Gustavo Torres is caught stealing 2nd base
Bottom of the 2nd over - 0 run(s), 1 hit(s), 0 error(s), 0 left on base; Bismark 0 - San Diego 2
TOP OF THE 3RD
Bismark Border Guards batting - Pitching for San Diego Smashers : LHP Rafael Alemán
Batting: RHB José Vidal 0-0: Ball
1-0: Called Strike
1-1: Ball
2-1: Foul Ball, location: 2F
2-2: Strikes out swinging
Batting: LHB Juan Viera 0-0: Foul Ball, location: 2F
0-1: Ball
1-1: Ball
2-1: SINGLE (Groundball, 25) (infield hit)
Batting: RHB Howard Russell 0-0: Called Strike
0-1: Ball
1-1: Fielders Choice at 2nd, 1-6 (Groundball, 13S)
Batting: RHB Jacob Hill 0-0: Ball
1-0: Called Strike
1-1: Called Strike
1-2: Foul Ball, location: 2F
1-2: Strikes out looking
Top of the 3rd over - 0 run(s), 1 hit(s), 0 error(s), 1 left on base; Bismark 0 - San Diego 2
BOTTOM OF THE 3RD
San Diego Smashers batting - Pitching for Bismark Border Guards : RHP Brandon Sweet
Batting: RHB José Oliveira 0-0: Ball
1-0: Called Strike
1-1: Fly out, F7 (Flyball, 7LSF)
Batting: LHB Michael Myers 0-0: Foul Ball, location: 2F
0-1: Ball
1-1: Swinging Strike
1-2: DOUBLE (Line Drive, 7LS)
Batting: RHB Gerald Davis 0-0: Ground out 4-3 (Groundball, 4)
Michael Myers to third
Batting: LHB Ethan Shaw 0-0: Ball
1-0: Ball
2-0: Foul Ball, location: 2F
2-1: Swinging Strike
2-2: Foul Ball, location: 2F
2-2: Ball
3-2: Base on Balls
Batting: LHB Richard Brooks 0-0: Ball
1-0: Ball
2-0: Called Strike
2-1: Foul Ball, location: 2F
2-2: Ball
3-2: Ground out 4-3 (Groundball, 4)
Bottom of the 3rd over - 0 run(s), 1 hit(s), 0 error(s), 2 left on base; Bismark 0 - San Diego 2
TOP OF THE 4TH
Bismark Border Guards batting - Pitching for San Diego Smashers : LHP Rafael Alemán
Batting: RHB Enrique Soto 0-0: Ball
1-0: Foul Ball, location: 2F
1-1: Foul Ball, location: 2F
1-2: Ball
2-2: Strikes out looking
Batting: RHB Jeremiah Soto 0-0: SINGLE (Line Drive, 6MD)
Batting: RHB Danny Spode 0-0: Ball
Jeremiah Soto is caught stealing 2nd base
1-0: Ground out 6-3 (Groundball, 6)
Top of the 4th over - 0 run(s), 1 hit(s), 0 error(s), 0 left on base; Bismark 0 - San Diego 2
BOTTOM OF THE 4TH
San Diego Smashers batting - Pitching for Bismark Border Guards : RHP Brandon Sweet
Batting: RHB Javier González 0-0: Ball
1-0: Ball
2-0: Ball
3-0: Called Strike
3-1: Foul Ball, location: 2F
3-2: Strikes out swinging
Batting: RHB John Nelson 0-0: Ball
1-0: Ball
2-0: Ball
3-0: Called Strike
3-1: Foul Ball, location: 2F
3-2: Strikes out swinging
Batting: SHB Michael Aisher 0-0: Ground out 5-3 (Groundball, 56S)
Bottom of the 4th over - 0 run(s), 0 hit(s), 0 error(s), 0 left on base; Bismark 0 - San Diego 2
TOP OF THE 5TH
Bismark Border Guards batting - Pitching for San Diego Smashers : LHP Rafael Alemán
Batting: LHB Manuel Pérez 0-0: Called Strike
0-1: Ball
1-1: Ball
2-1: Ball
3-1: Called Strike
3-2: Foul Ball, location: 2F
3-2: SINGLE (Line Drive, 34D)
Batting: RHB António Martínez 0-0: Ball
1-0: Swinging Strike
1-1: Ball
2-1: Foul Ball, location: 2F
2-2: Foul Ball, location: 2F
2-2: Ball
3-2: Foul Ball, location: 2F
3-2: Strikes out swinging
Batting: RHB José Vidal 0-0: Ball
1-0: Ball
Wild Pitch!
Manuel Pérez to second
2-0: Ball
3-0: Base on Balls
Batting: LHB Juan Viera 0-0: Foul Ball, location: 2F
0-1: Ball
1-1: Called Strike
Manuel Pérez steals 3rd base
José Vidal to second
1-2: Foul Ball, location: 2F
1-2: Strikes out looking
Batting: RHB Howard Russell 0-0: Ball
1-0: Swinging Strike
1-1: Called Strike
1-2: Strikes out looking
Top of the 5th over - 0 run(s), 1 hit(s), 0 error(s), 2 left on base; Bismark 0 - San Diego 2
BOTTOM OF THE 5TH
San Diego Smashers batting - Pitching for Bismark Border Guards : RHP Brandon Sweet
Batting: RHB Gustavo Torres 0-0: Called Strike
0-1: Fly out, F9 (Flyball, 9S)
Batting: RHB José Oliveira 0-0: Hit by Pitch
Batting: LHB Michael Myers 0-0: Called Strike
0-1: Ball
1-1: Ball
2-1: Ball
3-1: Foul Ball, location: 2F
3-2: SINGLE (Line Drive, 9LS)
José Oliveira to second
Runner from 2nd tries for 3rd, SAFE, throw made to third
Batting: RHB Gerald Davis 0-0: Ball
1-0: Swinging Strike
1-1: Ball
2-1: Ball
3-1: Swinging Strike
3-2: Foul Ball, location: 2F
3-2: SINGLE (Groundball, 25) (infield hit)
José Oliveira scores
Michael Myers to second
Batting: LHB Ethan Shaw 0-0: SINGLE (Flyball, 8RS)
Michael Myers to third
Gerald Davis to second
Batting: LHB Richard Brooks 0-0: Ball
1-0: Called Strike
1-1: Ball
2-1: Swinging Strike
2-2: Foul Ball, location: 2F
2-2: Ball
3-2: SINGLE (Line Drive, 7LM)
Michael Myers scores
Gerald Davis to third
Ethan Shaw to second
Pitching: RHP Steve Benson
Batting: RHB Javier González 0-0: Called Strike
0-1: Called Strike
0-2: Ball
1-2: Strikes out swinging
Pitching: RHP Raúl Salsa
Batting: RHB John Nelson 0-0: Ground out U3 (Groundball, 34S)
Bottom of the 5th over - 2 run(s), 4 hit(s), 0 error(s), 3 left on base; Bismark 0 - San Diego 4
TOP OF THE 6TH
Bismark Border Guards batting - Pitching for San Diego Smashers : LHP Rafael Alemán
Batting: RHB Jacob Hill 0-0: Called Strike
0-1: Swinging Strike
0-2: Strikes out swinging
Batting: RHB Enrique Soto 0-0: Ball
1-0: Ball
2-0: Ground out 6-3 (Groundball, 6)
Batting: RHB Jeremiah Soto 0-0: Called Strike
0-1: Called Strike
0-2: Strikes out swinging
Top of the 6th over - 0 run(s), 0 hit(s), 0 error(s), 0 left on base; Bismark 0 - San Diego 4
BOTTOM OF THE 6TH
San Diego Smashers batting - Pitching for Bismark Border Guards : RHP Raúl Salsa
Batting: SHB Michael Aisher 0-0: Ball
1-0: Foul Ball, location: 2F
1-1: Foul Ball, location: 2F
1-2: Foul Ball, location: 2F
1-2: Ball
2-2: Ball
3-2: Foul Ball, location: 2F
3-2: Strikes out swinging
Batting: RHB Gustavo Torres 0-0: Called Strike
0-1: Ball
1-1: Swinging Strike
1-2: TRIPLE (Flyball, 8RD)
Pitching: RHP Jorge Chávez
Batting: RHB José Oliveira 0-0: Ball
1-0: Ball
2-0: Called Strike
2-1: Ball
3-1: Foul Ball, location: 2F
3-2: Base on Balls
Pitching: LHP Bartolomeo Balsamo
Batting: LHB Michael Myers 0-0: Called Strike
0-1: Ball
1-1: Foul Ball, location: 2F
1-2: Ball
2-2: SINGLE (Line Drive, 4MD)
Gustavo Torres scores
José Oliveira to second
Pitching: RHP Jim Thompson
Batting: RHB Gerald Davis 0-0: Ball
1-0: Foul Ball, location: 2F
1-1: Ball
2-1: Called Strike
2-2: Foul Ball, location: 2F
2-2: Foul Ball, location: 2F
2-2: 3-RUN HOME RUN (Flyball, 8RXD), Distance : 432 ft
Batting: LHB Ethan Shaw 0-0: Called Strike
0-1: Swinging Strike
0-2: Strikes out swinging
Batting: LHB Richard Brooks 0-0: Called Strike
0-1: Foul Ball, location: 2F
0-2: Ball
1-2: Ball
2-2: Ball
3-2: Strikes out swinging
Bottom of the 6th over - 4 run(s), 3 hit(s), 0 error(s), 0 left on base; Bismark 0 - San Diego 8
TOP OF THE 7TH
Bismark Border Guards batting - Pitching for San Diego Smashers : LHP Rafael Alemán
Pitching: RHP Martin Miller
Batting: RHB Danny Spode 0-0: Foul Ball, location: 2F
0-1: Foul Ball, location: 2F
0-2: Strikes out swinging
Batting: LHB Manuel Pérez 0-0: Called Strike
0-1: Ball
1-1: Ball
2-1: Swinging Strike
2-2: Ball
3-2: Fly out, F7 (Flyball, 7)
Batting: RHB António Martínez 0-0: Fly out, F1 (Line Drive, 13)
Top of the 7th over - 0 run(s), 0 hit(s), 0 error(s), 0 left on base; Bismark 0 - San Diego 8
BOTTOM OF THE 7TH
San Diego Smashers batting - Pitching for Bismark Border Guards : RHP Jim Thompson
Batting: RHB Javier González 0-0: Ground out 6-3 (Groundball, 6)
Batting: RHB John Nelson 0-0: Called Strike
0-1: Called Strike
0-2: Strikes out swinging
Batting: SHB Michael Aisher 0-0: Called Strike
0-1: Called Strike
0-2: Strikes out looking
Bottom of the 7th over - 0 run(s), 0 hit(s), 0 error(s), 0 left on base; Bismark 0 - San Diego 8
TOP OF THE 8TH
Bismark Border Guards batting - Pitching for San Diego Smashers : RHP Martin Miller
Batting: RHB José Vidal 0-0: Ball
1-0: Swinging Strike
1-1: Foul Ball, location: 2F
1-2: Strikes out swinging
Batting: LHB Juan Viera 0-0: Ground out 4-3 (Groundball, 4M)
Batting: RHB Howard Russell 0-0: Ball
1-0: Foul Ball, location: 2F
1-1: Ball
2-1: Foul Ball, location: 2F
2-2: Foul Ball, location: 2F
2-2: Strikes out looking
Top of the 8th over - 0 run(s), 0 hit(s), 0 error(s), 0 left on base; Bismark 0 - San Diego 8
BOTTOM OF THE 8TH
San Diego Smashers batting - Pitching for Bismark Border Guards : RHP Jim Thompson
Batting: RHB Gustavo Torres 0-0: Called Strike
0-1: Ground out 1-3 (Groundball, P)
Batting: RHB José Oliveira 0-0: Ball
1-0: Called Strike
1-1: Called Strike
1-2: Ball
2-2: Foul Ball, location: 2F
2-2: Foul Ball, location: 2F
2-2: Foul Ball, location: 2F
2-2: Ball
3-2: Strikes out swinging
Batting: LHB Michael Myers 0-0: Called Strike
0-1: Foul Ball, location: 2F
0-2: Ground out 4-3 (Groundball, 4S)
Bottom of the 8th over - 0 run(s), 0 hit(s), 0 error(s), 0 left on base; Bismark 0 - San Diego 8
TOP OF THE 9TH
Bismark Border Guards batting - Pitching for San Diego Smashers : RHP Martin Miller
Now at SS: Walt Rodgers
Batting: RHB Jacob Hill 0-0: Ball
1-0: Reached on error, E6 (Groundball, 6)
Batting: RHB Enrique Soto 0-0: Foul Ball, location: 2F
0-1: Foul Ball, location: 2F
0-2: Ball
1-2: SINGLE (Flyball, 8RS)
Jacob Hill to second
Batting: RHB Jeremiah Soto 0-0: Called Strike
0-1: Fly out, F3 (Line Drive, 34)
Batting: RHB Danny Spode 0-0: Ball
1-0: Fly out, F6 (Popup, 56)
Batting: LHB Manuel Pérez 0-0: Ball
1-0: Swinging Strike
1-1: Swinging Strike
1-2: Ball
2-2: Foul Ball, location: 2F
2-2: Foul Ball, location: 2F
2-2: Strikes out swinging
Top of the 9th over - 0 run(s), 1 hit(s), 1 error(s), 2 left on base; Bismark 0 - San Diego 8
Tuesday, August 8th, 2017 - OOTP Baseball 17.12 Build 75